 Dungeon Crawl Stone Soup version 0.23.1 (webtiles) character file.

Game seed: 0

109 night the Sneak (level 4, 0/23 HPs)
             Began as a Vine Stalker Assassin on Mar 6, 2019.
             Slain by an ogre
             ... wielding a +0 giant club
              (14 damage)
             ... on level 3 of the Dungeon.
             The game lasted 00:05:00 (1992 turns).

night the Sneak (Vine Stalker Assassin)             Turns: 1992, Time: 00:05:01

Health: 0/23       AC:  7    Str: 15    XL:     4   Next: 89%
Magic:  0/5        EV: 11    Int: 11    God:
Gold:   63         SH:  0    Dex: 15    Spells: 3/3 levels left

rFire    . . .     SeeInvis +   a - +2 dagger
rCold    + . .     Gourm    .   (no shield)
rNeg     . . .     Faith    .   c - +0 robe
rPois    .         Spirit   +   z - +0 helmet
rElec    .         Reflect  .   d - +0 cloak
rCorr    .         Harm     .   (no gloves)
MR       .....                  s - +2 pair of boots {Fly}
Stlth    +++.......             (no amulet)
HPRegen  0.47/turn              y - ring of protection from cold
MPRegen  0.09/turn              q - ring of see invisible

@: flying
A: fangs 2, regeneration 1, magic shield, antimagic bite, no potion heal 3, rot
immunity
a: Stop Flying


You were on level 3 of the Dungeon.
You were hungry.

You visited 1 branch of the dungeon, and saw 3 of its levels.

You collected 63 gold pieces.

Inventory:

Hand Weapons
 a - a +2 dagger (weapon)
 b - a +0 blowgun
Missiles
 e - 41 poisoned needles
 f - 2 curare-tipped needles
 l - 45 stones (quivered)
Armour
 c - a +0 robe (worn)
 d - a +0 cloak (worn)
 s - a +2 pair of boots of flying (worn)
 z - a +0 helmet (worn)
Jewellery
 i - an uncursed ring of wizardry
 q - a ring of see invisible (right hand)
 y - a ring of protection from cold (left hand)
Scrolls
 j - 2 scrolls of random uselessness {unknown}
 k - 2 scrolls of identify {unknown}
 m - a scroll of fear {unknown}
 p - a scroll of immolation {unknown}
 v - a scroll of fog {unknown}
 x - 2 scrolls of teleportation {unknown}
Potions
 h - 2 potions of lignification {unknown}
 n - a potion of might {unknown}
 o - 2 potions of curing {unknown}
 r - a potion of berserk rage {unknown}
 t - a potion of cancellation {unknown}
 u - a potion of degeneration {unknown}
Comestibles
 g - 6 rations
 w - 10 chunks of flesh


   Skills:
 - Level 1.7 Fighting
 + Level 2.8 Short Blades
 - Level 1.7 Throwing
 - Level 0.7 Dodging
 * Level 6.9 Stealth


You had 3 spell levels left.
You didn't know any spells.
Your spell library was empty.

Dungeon Overview and Level Annotations

Branches:
Dungeon (3/15)

Altars:
Makhleb
Okawaru
Xom
Yredelemnul


Innate Abilities, Weirdness & Mutations

You have extremely sharp teeth.
Your natural rate of healing is unusually fast.
When hurt, damage is shared between your health and your magic reserves.
Your bite disrupts and absorbs the magic of your enemies.
Potions cannot restore your health.
You are immune to rotting.


Message History

You kill the goblin!
The kobold throws a stone.
The stone hits you but does no damage.
An ogre comes into view. It is wielding a +0 giant club.
The kobold throws a stone.
The stone closely misses you.
Things that are here:
a +0 club; a +0 hunting sling; 9 stones The kobold throws a stone.
The stone hits you but does no damage.
You see here a stone.
An orc comes into view.
The orc shouts!
You hit the kobold.
You kill the kobold!
The ogre hits you with a +0 giant club!
You barely miss the ogre. The ogre barely misses you.
You closely miss the ogre. You bite the ogre. You drain its power.
You feel invigorated.
The ogre is moderately wounded.
The ogre hits you with a +0 giant club!!
Ouch! That really hurt!
You die...

#..............
#..............
+..............
#............
#^.....$....
#.......o.# #
#.......O.+ #.
#.....)@..#
#.####.........#
#..........(...#
#.......()....#
#......((.....#
#.............#
#......(......#
#.(.....).....#
#.)((((<((..(...


You could see an ogre and an orc.

Vanquished Creatures
  Robin (D:2)
  2 adders (D:2)
  3 worms (D:2)
  2 dart slugs (D:1)
  7 bats
  2 giant cockroaches
  13 hobgoblins
  4 jackals (D:1)
  A quokka (D:2)
  A ball python (D:1)
  3 frilled lizards (D:1)
  12 goblins
  8 kobolds
  6 rats
65 creatures vanquished.

Vanquished Creatures (others)
  A bat (D:3)
1 creature vanquished.

Grand Total: 66 creatures vanquished

Notes
Turn   | Place    | Note
-------+----------+-------------------------------------------
     0 | D:1      | night the Vine Stalker Assassin began the quest for the
                  | Orb.
     0 | D:1      | Reached XP level 1. HP: 11/11 MP: 2/2
    53 | D:1      | Reached skill level 5 in Stealth
   113 | D:1      | Reached XP level 2. HP: 12/15 MP: 1/3
   472 | D:1      | Reached XP level 3. HP: 18/18 MP: 4/4
  1106 | D:2      | Reached skill level 6 in Stealth
  1409 | D:2      | Found an iron altar of Okawaru.
  1451 | D:2      | Found a shimmering altar of Xom.
  1565 | D:2      | Gained mutation: Your natural rate of healing is unusually
                  | fast. [Vine Stalker growth]
  1565 | D:2      | Reached XP level 4. HP: 20/23 MP: 5/5
  1624 | D:2      | Found a shimmering altar of Xom.
  1823 | D:2      | Found a basalt altar of Yredelemnul.
  1823 | D:2      | Found a burning altar of Makhleb.
  1839 | D:3      | Noticed Robin
  1955 | D:2      | Killed Robin
  1986 | D:3      | Noticed an ogre
  1992 | D:3      | Slain by an ogre

Skill      XL: |  1  2  3 |
---------------+----------+-----
Stealth        | 5 6 |  6.9
Short Blades   | 2 |  2.8
Fighting       | |  1.7
Throwing       | |  1.7
Dodging        | |  0.7

Action                   |  1- 3 |  4- 6 || total
-------------------------+-------+-------++-------
Melee: Dagger            |   100 |    83 ||   183
       Bite              |    32 |    22 ||    54
 Stab: Sleeping          |    12 |     3 ||    15
  Eat: Chunk             |     2 |     1 ||     3
Armor: Robe              |    29 |    30 ||    59
Dodge: Dodged            |    43 |    70 ||   113
